 Dungeon Crawl Stone Soup version 0.29-a0-887-gcbe080d7e0 (webtiles) character file.

Game seed: 6383657546015467707

66 IdlyInterested the Grasshopper (level 3, -3/29 HPs)
             Began as a Demonspawn Wanderer on July 21, 2022.
             Slain by Terence
             ... wielding a +0 flail
              (6 damage)
             ... on level 2 of the Dungeon.
             The game lasted 00:06:33 (1446 turns).

IdlyInterested the Grasshopper (DsWn)               Turns: 1446, Time: 00:06:34

Health: -3/29      AC: 16    Str: 17    XL:     3   Next: 96%
Magic:  4/4        EV:  1    Int: 12    God:
Gold:   100        SH:  0    Dex: 10    Spells: 3/4 levels left

rFire   . . .      SeeInvis +   a - +1 hand axe
rCold   . . .      Faith    .   (no shield)
rNeg    . . .      Spirit   .   j - +0 plate armour
rPois   .          Reflect  .   (no helmet)
rElec   .          Harm     .   (no cloak)
rCorr   .          Rampage  .   (no gloves)
Will    .....                   m - +3 pair of boots of the Swan {SInv}
Stlth   ..........              (no amulet)
HPRegen 0.09/turn               (no ring)
MPRegen 0.09/turn               (no ring)

@: brilliant, grasped by roots, constricted
A: yellow scales 1, powered by pain 1
a: no special abilities


You were on level 2 of the Dungeon.
You visited 1 branch of the dungeon, and saw 2 of its levels.

You collected 100 gold pieces.

Inventory:

Hand Weapons
 a - a +1 hand axe (weapon)
Missiles
 e - 2 poisoned darts (quivered)
 n - a throwing net
Armour
 j - a +0 plate armour (worn)
 k - a +0 leather armour of poison resistance
 m - the +3 pair of boots of the Swan (worn) {SInv}
   (You found it on level 2 of the Dungeon)

   SInv:      It lets you see invisible.
Scrolls
 b - a scroll of teleportation
 f - a scroll of butterflies {unknown}
 o - a scroll of amnesia {unknown}
Potions
 c - 2 potions of heal wounds {unknown}
 d - a potion of attraction {unknown}
 g - 3 potions of might
 h - 2 potions of brilliance
 i - a potion of curing {unknown}
 l - 2 potions of berserk rage {unknown}


   Skills:
 + Level 3.5 Fighting
 * Level 2.5 Axes
 + Level 0.8 Throwing
 - Level 1.0 Armour
 - Level 1.0 Stealth
 - Level 1.0 Spellcasting
 - Level 3.6 Translocations


You had 3 spell levels left.
You knew the following spells:

 Your Spells              Type           Power      Damage    Failure   Level
a - Apportation           Tloc           26%        N/A       99%         1

Your spell library contained the following spells:

 Spells                   Type           Power      Damage    Failure   Level
 Shock                    Conj/Air       0%         1d3       100%        1
 Slow                     Hex            0%         N/A       100%        1
 Confusing Touch          Hex            0%         N/A       100%        3
 Portal Projectile        Hex/Tloc       14%        N/A       100%        3
 Swiftness                Air            0%         N/A       100%        3
 Teleport Other           Tloc           13%        N/A       100%        3
 Vampiric Draining        Necr           0%         2d6       100%        3
 Airstrike                Air            0%         0-1+      100%        4


Dungeon Overview and Level Annotations

Branches:
Dungeon (2/15)

Altars:

Shops:
D:1 [   D:2 (

Annotations:
D:2 Terence


Innate Abilities, Weirdness & Mutations

You are partially covered in yellow scales. (AC +2)
You sometimes gain a little power by taking damage.


Message History

Terence is moderately wounded.
You hit the kobold. The kobold hits you but does no damage.
Terence hits you with a +0 flail. The grasping roots constrict you.
You hit Terence.
Terence is heavily wounded.
You hit the kobold.
You kill the kobold!
Terence hits you with a +0 flail. The grasping roots constrict you.
The grasping roots release their grip on you.
You hit Terence but do no damage.
Terence is heavily wounded.
Terence completely misses you.
You hit Terence.
Terence is severely wounded.
You hit the kobold.
Terence zaps a wand.
The roots erupt in riotous growth!
The grasping roots grab you!
Terence is unaffected.
The kobold is unaffected.
The grasping roots constrict you.
The kobold hits you but does no damage. x2
Terence hits you with a +0 flail. The grasping roots constrict you.
You hit Terence.
Terence is severely wounded.
You hit the kobold.
You kill the kobold!
Terence hits you but does no damage. The grasping roots constrict you.
You hit Terence but do no damage.
Terence is severely wounded.
Terence looks scornfully at you. Terence hits you with a +0 flail.
The grasping roots constrict you.
The grasping roots release their grip on you.
You closely miss Terence.
Terence is severely wounded.
Terence zaps a wand.
The roots erupt in riotous growth!
The grasping roots grab you!
Terence is unaffected.
The now-empty wand crumbles to dust.
The grasping roots constrict you.
* * * LOW HITPOINT WARNING * * *
It was a potion of brilliance.
You feel clever all of a sudden. Terence hits you with a +0 flail.
You die...

. #.# #.
#.# # #.#
########.#
.......#.#
.......#.#
.......#.#
......)#.#
......)@.#
......@###
.......
.......
.......
#######


You could see Terence.

Vanquished Creatures
  2 adders (D:2)
  2 dart slugs
  A ball python (D:1)
  An endoplasm (D:1)
  3 giant cockroaches (D:1)
  3 goblins
  3 hobgoblins
  7 jackals (D:1)
  A quokka (D:2)
  7 bats (D:1)
  2 frilled lizards (D:1)
  5 kobolds
  2 rats (D:2)
39 creatures vanquished.

Notes
Turn   | Place    | Note
-------+----------+-------------------------------------------
     0 | D:1      | IdlyInterested the Demonspawn Wanderer began the quest for
                  | the Orb.
     0 | D:1      | IdlyInterested set off with the following items: a +1 hand
                  | axe, a scroll of teleportation, a +0 leather armour; and
                  | the following spell memorised: Apportation; and the
                  | following spells available to memorise: Teleport Other,
                  | Portal Projectile.
     0 | D:1      | Reached XP level 1. HP: 18/18 MP: 2/2
    91 | D:1      | Gained mutation: You are partially covered in yellow
                  | scales. (AC +2) [demonic ancestry]
    91 | D:1      | Reached XP level 2. HP: 12/24 MP: 3/3
   292 | D:1      | Found Gexzeof's Armour Shop.
   439 | D:1      | Reached skill level 1 in Stealth
   566 | D:1      | Found a faded altar of an unknown god.
   574 | D:1      | Gained mutation: You sometimes gain a little power by
                  | taking damage. [demonic ancestry]
   574 | D:1      | Reached XP level 3. HP: 24/29 MP: 4/4
  1163 | D:2      | Identified the +3 pair of boots of the Swan {SInv}
  1375 | D:2      | Found Ydeag's Weapon Shop.
  1433 | D:2      | Noticed Terence
  1446 | D:2      | Slain by Terence

Illustrated notes

Levels and vault maps discovered:
D:1:      giann_forest_graveyard, layout_rooms, serial_shops, shop,
          hellmonk_ecumenical_altar_slurped_away, minmay_misc_feat_four_crosses
D:2:      layout_basic, serial_shops, shop, uniq_terence

Skill      XL: |  1  2 |
---------------+-------+-----
Stealth        | 1 |  1.0
Axes           | 2 |  2.5
Fighting       | |  3.5
Throwing       | |  0.8
Armour         | |  1.0
Spellcasting   | |  1.0
Translocations | |  3.6

Action                   || total
-------------------------++-------
Melee: Hand axe          ||   106
       Punch             ||     1
  Use: Scroll            ||     1
       Potion            ||     1
 Stab: Sleeping          ||     1
Armor: Leather armour    ||    36
       Plate armour      ||    28
Dodge: Dodged            ||    68

Table legend: (Time is in decaauts)
 A = Elapsed time spent in this place.
 B = Non-inter-level travel time spent in this place.
 C = Inter-level travel time spent in this place.
 D = Time resting spent in this place.
 E = Time spent auto-exploring this place.
 F = Levels seen in this place.
 G = Mean time per level.
                   A        B        C        D        E       F      G
               +--------+--------+--------+--------+--------+-----+--------+
         Total |   1468 |   1411 |     57 |    278 |    734 |   2 |  734.0 |
       Dungeon |   1468 |   1411 |     57 |    278 |    734 |   2 |  734.0 |
               +--------+--------+--------+--------+--------+-----+--------+

Top non-repeatable levels by time:
     D:1: 1011 daAuts
     D:2: 457 daAuts
